 Dungeon Crawl Stone Soup version bcrawl-1.31 (webtiles) character file.

Game seed: 4213464285107212978

310918 Morbidden the Nimble (level 10, -3/112 HPs)
             Began as an Ent Archaeologist on Apr 10, 2021.
             Was an Elder of Cheibriados.
             Slain by a bullfrog (9 damage)
             ... on level 8 of the Dungeon.
             The game lasted 00:09:34 (8283 turns).

Morbidden the Nimble (Ent Archaeologist)            Turns: 8283, Time: 00:09:35

Health: -3/112     AC: 19    Str: 34    XL:     10   Next: 34%
Magic:  10/10      EV: 14    Int: 27    God:    Cheibriados [****..]
Gold:   408        SH:  0    Dex: 12    Spells: 9/9 levels left

rFire    . . .     SeeInvis +   N - +0 great mace
rCold    . . .     Gourm    .   (no shield)
rNeg     + + +     Faith    .   (armour unavailable)
rPois    +         Spirit   .   c - +1 hat
rElec    .         Reflect  .   M - +0 cloak
rCorr    .         Harm     .   (gloves unavailable)
MR       +....                  (boots unavailable)
Stlth    +++.......             f - amulet of Freedom {Regen Str+6 Dex-5 SInv}
HPRegen  0.58/turn              o - ring of wizardry
MPRegen  0.12/turn              (no ring)

@: very slow
A: large, slow actions, passwall, strong branches, negative energy resistance 3,
poison resistance, slow metabolism 1, torment resistance, unbreathing, AC +17
a: Passwall, Bend Time, Temporal Distortion, Slouch, Renounce Religion


You were on level 8 of the Dungeon.
You worshipped Cheibriados.
Cheibriados was greatly pleased with you.
You were hungry.

You visited 2 branches of the dungeon, and saw 10 of its levels.

You collected 408 gold pieces.

Inventory:

Hand Weapons
 a - a +0 dagger of electrocution
 b - a +0 blowgun
 n - a +0 shortbow
 y - a +0 great sword
 N - a +0 great mace (weapon)
 O - a +5 dagger
 P - the +12 falchion "Undertaker" {elec, Int+3, unknown}
   (You found it on level 8 of the Dungeon)

   Occasionally, upon striking a foe, it will discharge some electrical energy
   and cause terrible harm.
   It affects your intelligence (+3).
Missiles
 d - 6 curare-tipped needles
 l - 152 poisoned needles
 E - 1241 arrows
Armour
 c - a +1 hat (worn)
 M - a +0 cloak (worn)
Jewellery
 f - the amulet of Freedom (around neck) {Regen Str+6 Dex-5 SInv}
   (You acquired it on level 4 of the Dungeon)

   [amulet of regeneration]

   It affects your strength (+6).
   It affects your dexterity (-5).
   It lets you see invisible.
 o - a ring of wizardry (left hand)
Wands
 v - a wand of flame (19)
 C - a wand of iceblast (7)
 Q - a wand of acid (7)
Scrolls
 g - 6 scrolls of magic mapping
 i - 8 scrolls of identify
 j - 2 scrolls of teleportation {unknown}
 k - 2 scrolls of fear {unknown}
 q - 2 scrolls of fog {unknown}
 t - 4 scrolls of remove curse {unknown}
 u - 6 scrolls of amnesia {unknown}
 w - a scroll of noise {unknown}
 z - a scroll of enchant armour {unknown}
 A - 2 scrolls of blinking {unknown}
 F - a scroll of torment {unknown}
 J - a scroll of immolation {unknown}
Potions
 h - a potion of berserk rage {unknown}
 m - a potion of cancellation {unknown}
 p - 2 potions of invisibility {unknown}
 r - 2 potions of agility {unknown}
 s - a potion of flight {unknown}
 x - 2 potions of mutation {unknown}
 B - 3 potions of curing {unknown}
 D - a potion of haste {unknown}
 G - a potion of resistance {unknown}
 H - a potion of heal wounds
 I - a potion of degeneration {unknown}
 K - a potion of lignification {unknown}
 L - a potion of brilliance {unknown}
Comestibles
 e - 13 rations {!d}


   Skills:
 * Level 8.1 Fighting
 + Level 5.8 Short Blades
 + Level 2.9 Maces & Flails
 + Level 9.7 Dodging
 + Level 6.9 Stealth


You had 9 spell levels left.
You didn't know any spells.
Your spell library contained the following spells:

 Spells                   Type           Power        Failure   Level  Hunger
 Sticks to Snakes         Tmut           #.......     8%          2    ####...
 Beastly Appendage        Tmut           Unusable     N/A         1    N/A
 Passwall                 Tmut/Erth      Unusable     N/A         2    N/A
 Spider Form              Tmut/Pois      Unusable     N/A         3    N/A
 Ice Form                 Ice/Tmut       Unusable     N/A         4    N/A
 Blade Hands              Tmut           Unusable     N/A         5    N/A

Dungeon Overview and Level Annotations

Branches:
Dungeon (9/12)             Temple (1/1) D:5
   Lair: D:7-9          Orc: D:8-11

Altars:
Ashenzari
Cheibriados
Dithmenos
Fedhas
Gozag
Hepliaklqana
Kikubaaqudgha
Lugonu
Makhleb
Nemelex Xobeh
Okawaru
Qazlal
Ru
Trog
Uskayaw
Vehumet
Wu Jian
Xom
Yredelemnul
The Shining One

Shops:
D:7 (


Innate Abilities, Weirdness & Mutations

You move and act slowly.
You can pass through walls and trees.
Your branches can wield two-handed weapons with a shield.
Your thick bark is tough. (AC +17)
You are too large for most types of armour.
You are immune to negative energy. (rN+++)
Your system is resistant to poisons. (rPois)
You have a slow metabolism.
You are immune to unholy pain and torment.
You can survive without breathing.


Message History

The orc priest mumbles some strange prayers to Beogh against you.
Beogh smites you!
* * * LOW HITPOINT WARNING * * *
There is a stone staircase leading up here.
The bullfrog misses you.
The orc warrior throws a poisoned tomahawk.
The poisoned tomahawk closely misses you.
The bullfrog misses you.
The orc warrior throws a poisoned tomahawk.
The poisoned tomahawk closely misses you.
You climb upwards.
There is a stone staircase leading down here.
Unknown command.
Unknown command.
Unknown command.
Unknown command.
Unknown command.
You barely miss the bullfrog. The bullfrog misses you.
The bullfrog completely misses you. The bullfrog hits you!
You die...

#.# ### ####.#####.# ##
#)###.###......# #.# ##.
#)##...##.##.#.###.# ####..
.)........##.......# #.....
####...#######.##### #.#### ##)##
#.# #.##.# #.# #.# #.#... #.#
####.#### #..... ##'## #....F@.#
###... ##...## #.#...#.# ##.#
##.....###.[.....# ###.#
##.......##.......## ##.#.#
#..................#########....#
'.>..............................
#.........#.......##########....#
##.......####...#.# ##.#[#
##.....## ##.##.# ###.#


You could see a bullfrog.

Vanquished Creatures
  A kobold demonologist (D:8)
  A hornet (D:7)
  4 yaks (D:8)
  Eustachio (D:4)
  A steam dragon (D:8)
  Duvessa (D:7)
  A sky beast (D:3)
  A water moccasin (D:7)
  A black bear (D:8)
  3 ice beasts
  2 orc warriors
  A phantom (D:7)
  4 ogres
  2 centaurs
  4 bullfrogs
  Dowan (D:7)
  A water moccasin skeleton (D:7)
  2 scorpions (D:4)
  9 wights
  7 crimson imps
  5 orc priests
  A bullfrog skeleton (D:5)
  4 hounds
  A jelly (D:4)
  A gnoll shaman (D:5)
  6 orc wizards
  4 centaur skeletons
  6 worker ants
  A killer bee zombie (D:6)
  A hound zombie (D:6)
  A hound skeleton (D:2)
  A howler monkey skeleton (D:5)
  8 gnolls
  7 adders
  A shadow imp (D:5)
  An ooze (D:3)
  2 adder skeletons (D:7)
  3 worms
  A dart slug (D:2)
  4 leopard geckos
  19 orcs
  3 bats
  3 giant cockroaches
  8 hobgoblins
  11 kobolds
  3 quokkas
  3 ball pythons
  5 frilled lizards
  10 goblins
  2 quokka skeletons
  4 rats
178 creatures vanquished.

Notes
Turn   | Place    | Note
-------+----------+-------------------------------------------
     0 | D:1      | Morbidden the Ent Archaeologist began the quest for the
                  | Orb.
     0 | D:1      | Reached XP level 1. HP: 21/21 MP: 1/1
   228 | D:1      | Reached XP level 2. HP: 26/29 MP: 2/2
   290 | D:1      | Reached skill level 3 in Dodging
   741 | D:2      | Reached XP level 3. HP: 37/37 MP: 3/3
  1167 | D:2      | Reached XP level 4. HP: 46/46 MP: 4/4
  1286 | D:2      | Found a hazy altar of Hepliaklqana.
  1382 | D:2      | Found a sacrificial altar of Ru.
  1887 | D:4      | Reached skill level 1 in Short Blades
  1887 | D:4      | Reached XP level 5. HP: 33/54 MP: 5/5
  1887 | D:4      | Identified a scroll of acquirement
  1887 | D:4      | Identified the amulet of Freedom {Regen Str+6 Dex-5 SInv}
                  | (You acquired it on level 4 of the Dungeon)
  1953 | D:4      | Reached skill level 4 in Dodging
  2016 | D:3      | Reached skill level 5 in Stealth
  2150 | D:3      | Reached XP level 6. HP: 61/65 MP: 6/6
  2231 | D:3      | Found a sparkling altar of Nemelex Xobeh.
  2522 | D:3      | Noticed a sky beast
  2550 | D:3      | Killed a sky beast
  2866 | D:4      | Got a scorched quarterstaff
  2867 | D:4      | Identified the +6 quarterstaff of Moral Flaws {drain,
                  | Fragile Int+4 Dex+5} (You found it on level 4 of the
                  | Dungeon)
  2923 | D:4      | Reached skill level 5 in Dodging
  2923 | D:4      | Reached XP level 7. HP: 69/72 MP: 7/7
  3053 | D:4      | Found a glowing golden altar of the Shining One.
  3113 | D:4      | Noticed Eustachio
  3128 | D:4      | Killed Eustachio
  3527 | D:4      | Found an iron altar of Okawaru.
  3730 | D:5      | Entered Level 5 of the Dungeon
  3730 | D:5      | Found a staircase to the Ecumenical Temple.
  3764 | Temple   | Entered the Ecumenical Temple
  3791 | Temple   | Became a worshipper of Cheibriados the Contemplative
  3941 | D:5      | Reached skill level 6 in Dodging
  3959 | D:5      | Reached XP level 8. HP: 85/85 MP: 8/8
  4009 | D:5      | Reached skill level 5 in Fighting
  4033 | D:5      | Reached * piety under Cheibriados
  4960 | D:6      | Found an ornate altar of the Wu Jian Council.
  5201 | D:6      | Found a basalt altar of Yredelemnul.
  5538 | D:6      | Reached skill level 7 in Dodging
  5974 | D:7      | Found Zufum's Weapon Boutique.
  6092 | D:7      | Noticed a hornet
  6110 | D:7      | Killed a hornet
  6199 | D:7      | Reached XP level 9. HP: 96/96 MP: 9/9
  6283 | D:7      | Reached ** piety under Cheibriados
  6352 | D:7      | Reached skill level 8 in Dodging
  6832 | D:7      | Noticed Dowan
  6834 | D:7      | Noticed Duvessa
  6848 | D:7      | Killed Duvessa
  6866 | D:7      | Killed Dowan
  6867 | D:7      | Reached skill level 5 in Short Blades
  7222 | D:8      | Reached skill level 9 in Dodging
  7280 | D:8      | Reached *** piety under Cheibriados
  7300 | D:8      | Reached XP level 10. HP: 80/110 MP: 10/10
  7486 | D:8      | Noticed an orange demon
  7797 | D:8      | Found an opulent altar of Gozag.
  7949 | D:8      | Got a transparent falchion
  8072 | D:8      | Found an ornate altar of the Wu Jian Council.
  8273 | D:9      | Reached **** piety under Cheibriados
  8280 | D:9      | HP: 2/112 [orc priest/divine providence (12)]
  8283 | D:8      | Slain by a bullfrog

Skill      XL: |  1  2  3  4  5  6  7  8  9 10 |
---------------+-------------------------------+-----
Stealth        | 4 5 6 |  6.9
Dodging        | 3 4 5 6 7 9 |  9.7
Fighting       | 2 3 4 6 7 8 |  8.1
Short Blades   | 1 2 3 4 5 |  5.8
Maces & Flails | 2 |  2.9

Action                   |  1- 3 |  4- 6 |  7- 9 | 10-12 || total
-------------------------+-------+-------+-------+-------++-------
Melee: Whip              |    96 |       |       |       ||    96
       Dagger            |    67 |   217 |   535 |    53 ||   872
       Great mace        |       |       |       |    35 ||    35
  Use: Scroll            |       |     2 |       |       ||     2
 Stab: Sleeping          |     7 |     2 |     5 |     1 ||    15
       Distracted        |       |       |     1 |     1 ||     2
  Eat: Chunk             |     5 |    10 |    13 |     4 ||    32
       Ration            |       |       |     2 |       ||     2
Armor: Skin              |   116 |   159 |   423 |   112 ||   810
Dodge: Dodged            |   134 |   119 |   391 |   174 ||   818
